 Dungeon Crawl Stone Soup version 0.25.0-26-g0c896c7088 (webtiles) character file.

Game seed: 1231804109523597630

4837 mortelune the Cleaver (level 10, -6/80 HPs)
             Began as a Formicid Abyssal Knight on July 5, 2020.
             Was a Priest of Lugonu.
             Killed from afar by an electric eel (14 damage)
             ... with a bolt of electricity
             ... on level 9 of the Dungeon.
             The game lasted 00:22:11 (11817 turns).

mortelune the Cleaver (Formicid Abyssal Knight)    Turns: 11817, Time: 00:22:12

Health: -6/80      AC: 11    Str: 20    XL:     10   Next: 77%
Magic:  24/24      EV:  8    Int: 12    God:    Lugonu [***...]
Gold:   220        SH:  0    Dex: 10    Spells: 9/9 levels left

rFire    . . .     SeeInvis +   H - +6 war axe
rCold    . . .     Gourm    .   (no shield)
rNeg     . . .     Faith    .   d - +1 chain mail
rPois    .         Spirit   .   (helmet unavailable)
rElec    .         Reflect  .   (no cloak)
rCorr    .         Harm     .   (no gloves)
MR       +....                  (no boots)
Stlth    ..........             (no amulet)
HPRegen  0.23/turn              p - ring of magical power
MPRegen  0.19/turn              (no ring)

@: lightly drained, very slow
A: permanent stasis, dig shafts and tunnels, four strong arms, antennae 3
a: Dig, Shaft Self, Depart the Abyss, Bend Space, Banish, Renounce Religion


You were on level 9 of the Dungeon.
You worshipped Lugonu.
Lugonu was most pleased with you.
You were not hungry.

You visited 1 branch of the dungeon, and saw 10 of its levels.
You visited the Abyss 1 time.

You collected 346 gold pieces.
You spent 126 gold pieces at shops.

Inventory:

Hand Weapons
 x - a +0 broad axe
 H - a +6 war axe (weapon)
Missiles
 g - 4 boomerangs
 u - 11 poisoned darts (quivered)
 D - 7 silver javelins
Armour
 b - a +0 leather armour
 d - a +1 chain mail (worn)
Jewellery
 p - a ring of magical power (left hand)
Wands
 m - a wand of iceblast (13)
 o - a wand of clouds (3)
 E - a wand of flame (7)
Scrolls
 e - a scroll of fear
 f - 2 scrolls of fog
 h - 4 scrolls of noise
 i - a scroll of identify
 n - a scroll of enchant armour
 s - a scroll of remove curse
 t - 5 scrolls of teleportation
 A - 2 scrolls of enchant weapon
 C - 2 scrolls of amnesia
 G - a scroll of brand weapon
 I - a scroll of summoning {unknown}
Potions
 j - 2 potions of haste
 k - 2 potions of lignification
 q - a potion of brilliance
 r - a potion of might
 v - 3 potions of curing
 y - 3 potions of berserk rage
 z - a potion of mutation {unknown}
 B - 2 potions of stabbing
 F - a potion of cancellation
Comestibles
 a - a chunk of flesh
 c - 5 rations


   Skills:
 + Level 8.2(8.1) Fighting
 * Level 10.0(9.9) Axes
 + Level 7.9(7.8) Armour
 - Level 0.8(0.7) Dodging
 + Level 7.7(7.6) Invocations


You had 9 spell levels left.
You didn't know any spells.
Your spell library contained the following spells:

 Spells                   Type           Power        Failure   Level  Hunger
 Magic Dart               Conj           #...         95%         1    ##.....
 Sandblast                Erth           #.....       95%         1    ##.....
 Passwall                 Tmut/Erth      #.......     99%         2    ###....
 Searing Ray              Conj           #.....       99%         2    ###....
 Dazzling Flash           Conj/Hex       #.....       100%        3    ####...
 Stone Arrow              Conj/Erth      #.....       100%        3    ####...
 Fulminant Prism          Conj/Hex       #.........   100%        4    #####..
 Iskenderun's Mystic Bla  Conj/Tloc      #.......     100%        4    #####..
 Petrify                  Tmut/Erth      #.......     100%        4    #####..
 Lee's Rapid Deconstruct  Erth           #.........   100%        5    ######.


Dungeon Overview and Level Annotations

Branches:
Dungeon (10/15)            Temple (0/1) D:4             Orc (0/2) D:10
   Lair: D:8-11

Altars:
Xom

Shops:
D:5 ?

Annotations:
D:2 Sigmund
D:8 Grum
Abyss:1 Harold, Joseph, Maggie


Innate Abilities, Weirdness & Mutations

You cannot be hasted, slowed, berserked, paralysed or teleported.
You can dig through walls and to a lower floor.
Your four strong arms can wield two-handed weapons with a shield.
You have a pair of large antennae on your head. (SInv)


Message History

A hornet simulacrum comes into view.
A crimson imp comes into view.
A hound comes into view.
The hound barks!
The crimson imp shouts!
You slice the electric eel!!
You kill the electric eel!
Lugonu accepts your kill.
You slash the electric eel!
You hear a shout!
You enter the shallow water.
Moving in this stuff is going to be slow.
The electric eel shoots out a bolt of lightning at you!
The bolt of electricity hits you! x2
* * * LOW HITPOINT WARNING * * *
You closely miss the electric eel.
The electric eel is heavily wounded.
The electric eel shoots out a bolt of lightning at you!
The bolt of electricity hits you!
* * * LOW HITPOINT WARNING * * *
The bolt of electricity hits you!
You die...

.,,,,,,,,,,,,,,,,,,,,,,,******,,,
.,,,,,,,,,*,###.##.#.#..,,,,,*,,,
.,,*,*,,,**,#...#.......*,**,*,,,
.###,*,,,**,#....≈.≈....,,,,,,,,≈
...<,,,,,,,,*...≈≈≈≈≈.≈≈≈≈≈≈≈≈≈,,
....,********,..≈≈≈h....,,,,,≈≈,≈
####** **#..≈≈≈...≈,,∩,,,≈≈≈
###############.;≈≈≈≈≈≈≈,,,,≈,,,≈
.÷...........?..@≈h≈.≈≈.,,,≈≈,,,≈
##############..≈≈.Z≈≈≈≈≈≈≈≈≈≈≈≈≈
##.≈..5≈≈.≈≈,≈≈≈≈≈,,
#.#.##≈.≈≈,,,,≈≈≈*,
#...#*,...*,,**,,*,
###.#**,..,,,,,,,*,
*..,,,*#*****,,*, *###*** *,,*,
*,,**


You could see a polar bear, a hound, an electric eel, a crimson imp and a hornet
simulacrum.

Vanquished Creatures
  Pikel (D:7)
  A hippogriff (D:9)
  Eustachio (D:6)
  3 slaves (D:7)
  2 phantoms
  3 sky beasts
  A black bear (D:6)
  An ogre (D:5)
  4 centaurs
  2 wolves (D:9)
  A big kobold (D:4)
  3 bullfrogs
  4 scorpions
  A wight (D:9)
  An electric eel (D:9)
  4 crimson imps
  A centaur zombie (D:5)
  5 hounds
  2 orc priests (D:4)
  2 bullfrog skeletons (D:6)
  3 jellies
  3 orc wizards
  2 iguanas
  4 worker ants
  Ijyb (D:4)
  2 killer bee zombies
  A bullfrog simulacrum (D:9)
  2 hound skeletons
  2 worker ant zombies
  12 adders
  A shadow imp (D:9)
  A white imp (D:9)
  A worker ant simulacrum (D:9)
  2 worms
  6 dart slugs
  An adder simulacrum (D:9)
  4 leopard geckos
  12 orcs
  13 bats
  7 giant cockroaches
  4 goblins
  13 hobgoblins
  10 jackals
  6 quokkas
  2 ball pythons
  7 frilled lizards
  29 kobolds
  A quokka skeleton (D:5)
  A quokka zombie (D:4)
  9 rats
205 creatures vanquished.

Vanquished Creatures (others)
  A two-headed ogre (D:9)
  An orc warrior (D:10)
  A slave (D:7)
  An ogre (D:4)
  A wolf (D:10)
  An iguana (D:6)
  An orc (D:4)
  A plant (D:5)
8 creatures vanquished.

Grand Total: 213 creatures vanquished

Notes
Turn   | Place    | Note
-------+----------+-------------------------------------------
     0 | Abyss:1  | mortelune the Formicid Abyssal Knight began the quest for
                  | the Orb.
     0 | Abyss:1  | Reached XP level 1. HP: 18/18 MP: 2/2
    37 | Abyss:1  | Noticed a tentacled starspawn
    38 | D:1      | Escaped the Abyss
   320 | D:1      | Reached * piety under Lugonu
   320 | D:1      | Reached XP level 2. HP: 24/24 MP: 3/3
   683 | D:1      | Reached XP level 3. HP: 27/29 MP: 4/4
   929 | D:2      | Noticed Sigmund
  1202 | D:2      | Reached skill level 3 in Axes
  1616 | D:2      | Found a faded altar of an unknown god.
  1631 | D:2      | Reached ** piety under Lugonu
  1746 | D:3      | Reached XP level 4. HP: 37/37 MP: 5/5
  2873 | D:3      | Reached XP level 5. HP: 41/42 MP: 6/6
  3546 | D:4      | Reached skill level 4 in Axes
  3876 | D:4      | Found a staircase to the Ecumenical Temple.
  3888 | D:4      | Reached *** piety under Lugonu
  4180 | D:4      | Noticed Ijyb
  4191 | D:4      | Killed Ijyb
  4191 | D:4      | Reached XP level 6. HP: 34/49 MP: 7/7
  4704 | D:5      | Entered Level 5 of the Dungeon
  5174 | D:5      | Noticed an ogre
  5243 | D:5      | Reached skill level 5 in Axes
  5243 | D:5      | Reached XP level 7. HP: 49/55 MP: 9/9
  5330 | D:5      | Reached skill level 5 in Fighting
  5374 | D:5      | Found Kobol's Magic Scroll Emporium.
  5595 | D:5      | Bought a scroll of fear for 49 gold pieces
  5595 | D:5      | Bought a scroll of identify for 28 gold pieces
  5595 | D:5      | Bought a scroll of magic mapping for 49 gold pieces
  6198 | D:4      | Reached XP level 8. HP: 15/63 MP: 10/10
  6519 | D:5      | Reached skill level 6 in Axes
  6607 | D:4      | Reached skill level 5 in Armour
  7735 | D:6      | Reached skill level 7 in Axes
  7772 | D:5      | Reached XP level 9. HP: 51/69 MP: 12/12
  7906 | D:6      | Reached skill level 5 in Invocations
  8133 | D:6      | Found a shimmering altar of Xom.
  8250 | D:6      | Noticed Maggie
  8263 | D:6      | Reached **** piety under Lugonu
  8282 | D:6      | Banished Maggie
  9043 | D:6      | Noticed Eustachio
  9060 | D:6      | Killed Eustachio
  9060 | D:6      | Reached skill level 8 in Axes
  9327 | D:7      | Noticed Pikel
  9348 | D:7      | Killed Pikel
  9472 | D:7      | Reached XP level 10. HP: 79/79 MP: 14/14
  9621 | D:7      | Noticed Joseph
  9635 | D:7      | Banished Joseph
  9925 | D:7      | You fall into a shaft and drop 3 floors!
  9925 | D:10     | Entered Level 10 of the Dungeon
 10029 | D:9      | Reached skill level 9 in Axes
 10657 | D:8      | Noticed Grum
 10798 | D:9      | Noticed a two-headed ogre
 11245 | D:9      | Banished a two-headed ogre
 11275 | D:9      | Noticed Harold
 11295 | D:9      | Banished Harold
 11432 | D:9      | Reached skill level 10 in Axes
 11817 | D:9      | Killed from afar by an electric eel

Illustrated notes

Levels and vault maps discovered:
D:1:      lightli_arrival_noodles, layout_basic, minmay_misc_feat_ornament
D:2:      layout_basic, chequers_ecumenical_altar_twisty, serial_bayou_ford_a,
          bh_walls_and_bars, uniq_sigmund
D:3:      minmay_bubble_buster, layout_basic, kennysheep_cross_room
D:4:      layout_rooms, minmay_temple_entry_large_hall, first_ration, uniq_ijyb
D:5:      kennysheep_kobold_camp, layout_rooms, serial_shops, shop
D:6:      layout_rooms, xom_confusion_cloud, uniq_eustachio, uniq_maggie
D:7:      layout_basic, uniq_pikel, uniq_joseph
D:8:      layout_basic, okawaru_gym_becter, minmay_lair_entry_grove,
          blue_anna_alchemist [blue_anna_fruit_fields, blue_anna_fruit_fields],
          uniq_psyche, uniq_grum, uniq_prince_ribbit1
D:9:      layout_basic, serial_ice, serial_ice_f, serial_ice_j, serial_ice_a,
          serial_ice_e, serial_ice_o, serial_ice_n, serial_ice_h, serial_ice_m,
          serial_ice_b, serial_ice_d, yredelemnul_altar_generic, uniq_harold
D:10:     layout_roguey, orc_david_3, fountainhead, minivault_16,
          bh_hangedman_babel_library

Skill      XL: |  1  2  3  4  5  6  7  8  9 10 |
---------------+-------------------------------+-----
Axes           | 3 4 5 7 8 10 | 10.0
Armour         | 3 4 5 6 7 |  7.9
Fighting       | 4 5 6 7 8 |  8.2
Invocations    | 3 4 6 7 |  7.7
Dodging        | |  0.8

Action                   |  1- 3 |  4- 6 |  7- 9 | 10-12 || total
-------------------------+-------+-------+-------+-------++-------
Melee: Hand axe          |   111 |   296 |   362 |    46 ||   815
       Broad axe         |       |       |       |    69 ||    69
       War axe           |       |       |       |    26 ||    26
Throw: Boomerang         |       |     2 |       |       ||     2
       Dart              |       |       |    17 |     2 ||    19
Invok: Depart the Abyss  |     1 |       |       |       ||     1
       Banish            |       |       |     5 |     8 ||    13
Evoke: Wand              |       |       |       |     3 ||     3
  Use: Scroll            |       |    14 |     2 |     5 ||    21
       Potion            |       |     1 |       |       ||     1
  Eat: Chunk             |     3 |     8 |     8 |     3 ||    22
       Ration            |       |     1 |     2 |     2 ||     5
Armor: Leather armour    |     4 |       |       |       ||     4
       Chain mail        |    77 |   232 |   231 |    94 ||   634
Dodge: Dodged            |    67 |   108 |   158 |    56 ||   389
